 Dungeon Crawl Stone Soup version 0.27.0-1-g7a089689b8 (webtiles) character file.

Game seed: 11796762711890740600

44 inmateoo the Slasher (level 3, 0/22 HPs)
             Began as a Tengu Warper on Aug 6, 2021.
             Killed from afar by Jessica (8 damage)
             ... with a puff of flame
             ... on level 2 of the Dungeon.
             The game lasted 00:01:18 (1429 turns).

inmateoo the Slasher (Tengu Warper)                 Turns: 1429, Time: 00:01:18

Health: 0/22       AC:  5    Str: 12    XL:     3   Next: 60%
Magic:  7/7        EV: 10    Int: 13    God:
Gold:   66         SH:  0    Dex: 13    Spells: 4/6 levels left

rFire    . . .     SeeInvis .   a - +1 falchion
rCold    . . .     Faith    .   (no shield)
rNeg     . . .     Spirit   .   f - +0 ring mail
rPois    .         Reflect  .   (helmet restricted)
rElec    .         Harm     .   (no cloak)
rCorr    .         Rampage  .   (no gloves)
Will     .....                  (boots unavailable)
Stlth    +.........             (no amulet)
HPRegen  0.07/turn              (no ring)
MPRegen  0.10/turn              (no ring)

@: mighty
A: beak, talons 3
a: no special abilities


You were on level 2 of the Dungeon.
You visited 1 branch of the dungeon, and saw 2 of its levels.

You collected 66 gold pieces.

Inventory:

Hand Weapons
 a - a +1 falchion (weapon)
Missiles
 d - 5 boomerangs of dispersal (quivered)
Armour
 f - a +0 ring mail (worn)
Scrolls
 b - a scroll of identify
 c - a scroll of blinking
Potions
 g - a potion of cancellation


   Skills:
 + Level 2.7 Fighting
 * Level 3.7 Long Blades
 - Level 1.0 Throwing
 - Level 1.1 Armour
 - Level 2.1 Dodging
 - Level 2.0 Spellcasting
 - Level 2.4 Translocations


You had 4 spell levels left.
You knew the following spells:

 Your Spells              Type           Power      Damage    Failure   Level
a - Blink                 Tloc           N/A        N/A       32%         2

Your spell library contained the following spells:

 Spells                   Type           Power      Damage    Failure   Level
 Magic Dart               Conj           4%         1d3       50%         1
 Gell's Gravitas          Tloc           3%         N/A       54%         3
 Lesser Beckoning         Tloc           3%         N/A       54%         3
 Teleport Other           Tloc           7%         N/A       54%         3
 Call Imp                 Summ           1%         N/A       65%         2
 Mephitic Cloud           Conj/Pois/Air  1%         N/A       86%         3
 Manifold Assault         Tloc           7%         N/A       99%         5


Dungeon Overview and Level Annotations

Branches:
Dungeon (2/15)

Altars:
Sif Muna

Annotations:
D:2 Jessica


Innate Abilities, Weirdness & Mutations

You have a beak for a mouth.
You have claws for feet.


Message History

As you read the scroll labelled VOTZUCREPP, it crumbles to dust.
Wisps of shadow whirl around you...
It was a scroll of summoning.
Your jackal dissolves into shadows!
HP restored.
Your jackal dissolves into shadows!
You swap places.
Your jackal dissolves into shadows!
Your adder dissolves into shadows!
Your goblin dissolves into shadows!
A frilled lizard comes into view.
The frilled lizard hisses angrily.
A frilled lizard is nearby!
A frilled lizard is nearby!
A frilled lizard is nearby!
You miss the frilled lizard. You claw the frilled lizard.
You kill the frilled lizard!
Found a stone staircase leading down.
No target in view!
e - a sapphire potion No target in view!
Jessica the Apprentice Sorceress comes into view.
She is wielding a +0 club and carrying a wand of flame (12).
Jessica shouts!
You hear an angry hiss.
Jessica casts a spell at you. Pain shoots through your body!
An adder comes into view.
The adder hisses angrily.
Jessica zaps a wand.
The puff of flame hits you.
You are too injured to fight recklessly!
Okay, then.
You aren't carrying any items that you can evoke.
Unknown command.
It was a potion of might.
You feel very mighty all of a sudden.
Jessica gestures wildly while chanting.
Jessica blinks!
The adder misses you.
You miss the adder. You claw the adder!
You kill the adder!
Jessica zaps a wand.
The puff of flame hits you!
You die...

#....#####...##
.#
............##
# ..#.#...#.##
......†#...#
.##.......##
.......#.#####
.............##
...#...##.##..#
####......###@#
#...##.. #†#
.... #..##@#
###.
..........# ..
##........#
#........>#
..........#
##........#
###.##.###


You could see Jessica.

Vanquished Creatures
  2 adders (D:2)
  A worm (D:2)
  2 dart slugs (D:1)
  A bat (D:1)
  3 endoplasms (D:1)
  3 goblins (D:1)
  A hobgoblin (D:1)
  4 jackals (D:1)
  3 kobolds (D:1)
  2 quokkas
  A ball python (D:1)
  2 frilled lizards
  A rat (D:1)
26 creatures vanquished.

Notes
Turn   | Place    | Note
-------+----------+-------------------------------------------
     0 | D:1      | inmateoo the Tengu Warper began the quest for the Orb.
     0 | D:1      | Reached XP level 1. HP: 12/12 MP: 4/4
   424 | D:1      | Reached XP level 2. HP: 17/17 MP: 6/6
   458 | D:1      | Reached skill level 3 in Long Blades
   883 | D:1      | Reached XP level 3. HP: 22/22 MP: 7/7
   998 | D:1      | Found a faded altar of an unknown god.
  1292 | D:1      | Became a worshipper of Sif Muna the Loreminder
  1292 | D:1      | Reached * piety under Sif Muna
  1293 | D:1      | Fell from the grace of Sif Muna
  1360 | D:2      | Learned a level 2 spell: Blink
  1421 | D:2      | Noticed Jessica
  1429 | D:2      | Killed from afar by Jessica

Illustrated notes

Levels and vault maps discovered:
D:1:      heliophobic_arrival_dark_side_of_the_moon, layout_loops_ring,
          hellmonk_ecumenical_altar_lost_god, minmay_statues_item
D:2:      layout_rooms, uniq_jessica

Skill      XL: |  1  2 |
---------------+-------+-----
Long Blades    | 3 |  3.7
Fighting       | |  2.7
Throwing       | |  1.0
Armour         | |  1.1
Dodging        | |  2.1
Spellcasting   | |  2.0
Translocations | |  2.4

Action                   || total
-------------------------++-------
Melee: Falchion          ||    55
       Kick              ||    17
       Peck              ||     5
Invok: Renounce Religion ||     1
  Use: Scroll            ||     4
       Potion            ||     1
Armor: Leather armour    ||     2
       Ring mail         ||    12
Dodge: Dodged            ||    32
       Rpst.: Falchion   ||    10
